 Dungeon Crawl Stone Soup version 0.18.1-8-gdd0e5ea (webtiles) character file.

637 manyhoops the Shield-Bearer (level 7, -9/55 HPs)
             Began as a Formicid Fighter on May 21, 2016.
             Killed by nerve-wracking pain
             ... invoked by an orc priest
              (14 damage)
             ... on level 5 of the Dungeon.
             The game lasted 00:06:09 (3044 turns).

manyhoops the Shield-Bearer (Formicid Fighter)      Turns: 3044, Time: 00:06:10

Health: -9/55      AC: 11    Str: 28    XL:     7   Next: 79%
Magic:  7/7        EV: 12    Int:  7    God:
Gold:   209        SH: 11    Dex: 15    Spells: 0 memorised, 6 levels left

rFire  . . .     SeeInvis +     a - +0 war axe
rCold  . . .     Gourm    .     h - +0 chain mail
rNeg   . . .     Faith    .     c - +0 shield
rPois  .         Spirit   .     (helmet unavailable)
rElec  .         Dismiss  .     (no cloak)
rCorr  .         Reflect  .     (no gloves)
SustAt .         Harm     .     k - +0 pair of boots
MR     +....                    (no amulet)
Stlth  ..........               r - ring of teleportation (curse)
                                o - ring of protection from magic

@: mighty, agile, somewhat resistant to hostile enchantments, extremely
unstealthy
A: permanent stasis, dig shafts and tunnels, four strong arms, antennae 3
a: Dig, Shaft Self


You were on level 5 of the Dungeon.
You were not hungry.

You visited 2 branches of the dungeon, and saw 6 of its levels.

You collected 209 gold pieces.

Inventory:

Hand Weapons
 a - a +0 war axe (weapon)
Armour
 b - a +0 scale mail
 c - a +0 shield (worn)
 h - a +0 chain mail (worn)
 k - a +0 pair of boots (worn)
Jewellery
 j - an uncursed ring of stealth
 o - a ring of protection from magic (left hand)
 r - a cursed ring of teleportation (right hand)
Scrolls
 e - a scroll of remove curse {unknown}
 i - a scroll of identify
 m - 2 scrolls of immolation
 p - a scroll of blinking {unknown}
 s - 2 scrolls of enchant armour {unknown}
 u - 2 scrolls of teleportation {unknown}
 x - a scroll of noise {unknown}
Potions
 n - 3 potions of mutation
 w - a potion of flight {unknown}
 z - a potion of invisibility {unknown}
Miscellaneous
 t - a plain deck of wonders
Comestibles
 f - 3 bread rations
 v - 2 meat rations


   Skills:
 + Level 4.8 Fighting
 + Level 4.0 Axes
 + Level 6.1 Armour
 + Level 6.1 Shields


You had 6 spell levels left.
You didn't know any spells.

Dungeon Overview and Level Annotations

Branches:
Dungeon (5/15)             Temple (1/1) D:4

Altars:
Dithmenos
Elyvilon
Fedhas
Gozag
Makhleb
Nemelex Xobeh
Qazlal
Ru
Sif Muna
Trog
Vehumet
The Shining One
Jiyva

Annotations:
D:4 ZenAnTen's ghost, amateur DsEn


Innate Abilities, Weirdness & Mutations

You are under a permanent stasis effect.
You can dig through walls and to a lower floor.
Your four strong arms can wield two-handed weapons with a shield.
You have a pair of large antennae on your head (SInv).


Message History

* * * LOW HITPOINT WARNING * * *
You slice the orc warrior!!
The orc warrior is almost dead.
You block the orc warrior's attack.
The orc warrior hits you but does no damage.
You slash the orc warrior!
You kill the orc warrior!
Your Axes skill increases to level 4!
Your Armour skill increases to level 6!
Your Shields skill increases to level 6!
The orc priest casts a cantrip, but nothing happens.
The orc wizard gestures wildly while chanting.
The orc wizard flickers and vanishes for a moment.
The orc priest barely misses you.
Things that are here:
a long sword; a chain mail You barely miss the orc priest.
The orc priest is heavily wounded.
The orc priest calls down the wrath of Beogh upon you.
Pain shoots through your body!
You die...

....+...## #..........
#...#....## #.........#
..........## #.........#
...........# #.........###.#.##
<..>##o#...# +.................
...........# #.........# #...#
....$......# #.........# #...#
.......[.#.########...##.## #...#
..............oo@.'...+..># #...#
....##.#.#.##.#####†).##.## #...#
.................##.).##.# #...#
.......#.#..#.#####.####.####...#
....##.#.#..#.# #.# #..........
....##.#....#.# #.# ########.##
....##.###..#.# #+# #.# .. #.
#..#.. #.# #..... #.#


You could see an orc priest and an orc wizard (invisible).

Vanquished Creatures
  An orc warrior (D:5)
  An ice beast (D:5)
  A necrophage (D:4)
  2 scorpions
  A howler monkey (D:5)
  2 orc priests (D:5)
  The ghost of MirrMurr the Grasshopper, a weakling FeWr (D:3)
  A giant frog zombie (D:5)
  A giant frog skeleton (D:3)
  A worker ant (D:5)
  An adder (D:3)
  3 dart slugs
  3 giant geckos
  An orc (D:5)
  4 giant cockroaches
  3 goblins
  4 hobgoblins
  4 jackals (D:1)
  4 kobolds
  A ball python (D:1)
  6 bats
  13 giant newts
  A jackal skeleton (D:5)
  5 rats
65 creatures vanquished.

Vanquished Creatures (others)
  A plant (D:1)
1 creature vanquished.

Grand Total: 66 creatures vanquished

Notes
Turn   | Place    | Note
--------------------------------------------------------------
     0 | D:1      | manyhoops the Formicid Fighter began the quest for the Orb.
     0 | D:1      | Reached XP level 1. HP: 18/18 MP: 1/1
   123 | D:1      | Reached XP level 2. HP: 23/24 MP: 2/2
   455 | D:1      | Reached XP level 3. HP: 29/29 MP: 3/3
  1091 | D:2      | Found a stormy altar of Qazlal.
  1092 | D:2      | Found a blossoming altar of Fedhas.
  1404 | D:3      | Noticed MirrMurr's ghost (weakling FeWr)
  1654 | D:3      | Reached XP level 4. HP: 27/35 MP: 4/4
  1910 | D:3      | Killed MirrMurr's ghost
  1910 | D:3      | Reached XP level 5. HP: 22/42 MP: 5/5
  2053 | D:3      | Found a sparkling altar of Nemelex Xobeh.
  2208 | D:4      | Found a staircase to the Ecumenical Temple.
  2217 | Temple   | Entered the Ecumenical Temple
  2518 | D:4      | Noticed a necrophage
  2533 | D:4      | Killed a necrophage
  2533 | D:4      | Reached skill level 5 in Armour
  2533 | D:4      | Reached skill level 5 in Shields
  2533 | D:4      | Reached XP level 6. HP: 43/47 MP: 6/6
  2549 | D:4      | Found a shadowy altar of Dithmenos.
  2748 | D:4      | Noticed ZenAnTen's ghost (amateur DsEn)
  2771 | D:5      | Entered Level 5 of the Dungeon
  2793 | D:5      | Noticed an ice beast
  2818 | D:5      | Killed an ice beast
  2818 | D:5      | Reached XP level 7. HP: 18/54 MP: 7/7
  3044 | D:5      | Killed from afar by an orc priest

Skill      XL: |  1  2  3  4  5  6  7 |
---------------+----------------------+-----
Shields        | 4 5 6 |  6.1
Armour         | 4 5 6 |  6.1
Fighting       | 4 |  4.8
Axes           | 3 4 |  4.0

Action                   |  1- 3 |  4- 6 |  7- 9 || total
-------------------------+-------+-------+-------++-------
Melee: War axe           |   178 |    89 |    30 ||   297
 Abil: Dig               |     1 |       |       ||     1
  Use: Scroll            |       |     4 |       ||     4
       Potion            |       |       |     3 ||     3
  Eat: Bread ration      |     1 |       |       ||     1
       Pizza             |       |     1 |       ||     1
       Royal jelly       |       |       |     1 ||     1
Armor: Scale mail        |    28 |       |       ||    28
       Chain mail        |    72 |    37 |    17 ||   126
Dodge: Dodged            |    54 |    24 |    13 ||    91
Block: Shield            |   111 |    56 |    20 ||   187
